Map: Port Aleksander LE

Players

Cham - Winner!

  • Race: Zerg Zerg
  • Spawn Location: 11:00

GogojOey

  • Race: Zerg Zerg
  • Spawn Location: 5:00

Event: 2019 WCS Spring

VOD

Have the link to the VOD?

Description

Time

  • Played on: May 17, 2019, 12:48 p.m.
  • Length: 6:20

All games in this series

Show
View Real Time Build Order
Export as new Build Order

Cham Zerg - Winner!

Build Orders: Hatch First, Zergling Baneling 

Get SALT Encoding   

  12  0:01  Drone  
  13  0:09  Drone  
  14  0:18  Overlord  
  14  0:37  Drone x2  
  16  0:49  Hatchery  
  15  0:54  Drone  
  15  0:56  Drone  
  17  1:06  Drone  
  17  1:11  Extractor  
  17  1:17  Spawning Pool  
  16  1:19  Drone  
  16  1:23  Drone  
  18  1:31  Drone  
  19  1:44  Overlord  
  19  2:05  Queen x2  
  19  2:06  Zergling x2, Drone  
  19  2:07  Drone  
  26  2:13  Drone  
  26  2:15  Metabolic Boost  
  27  2:17  Drone  
  29  2:22  Drone  
  29  2:26  Drone  
  30  2:42  Hatchery  
  29  2:45  Drone  
  29  2:46  Drone  
  29  2:51  Baneling Nest  
  30  2:55  Overlord  
  30  3:00  Zergling x2  
  30  3:01  Zergling x2  
  32  3:06  Zergling x2  
  32  3:08  Overlord  
  33  3:13  Drone  
  33  3:14  Drone  
  33  3:15  Drone  
  33  3:19  Drone  
  37  3:22  Drone  
  37  3:23  Drone  
  39  3:30  Drone x3  
  41  3:38  Zergling x2, Drone  
  41  3:40  Queen  
  45  3:43  Baneling  
  45  3:44  Zergling x2  
  45  3:45  Baneling  
  45  3:48  Zergling x2  
  47  3:53  Zergling x6  
  47  3:54  Zergling x2  
  51  3:56  Zergling x2  
  51  4:00  Baneling x2  
  52  4:09  Baneling x2, Zergling x2  
  53  4:11  Zergling x8  
  53  4:12  Zergling x2  
  57  4:18  Roach Warren  
  57  4:20  Drone  
  57  4:22  Extractor  
  57  4:23  Drone  
  57  4:24  Extractor  
  57  4:27  Drone  
  57  4:28  Overlord  
  57  4:29  Overlord  
  57  4:33  Baneling x2  
  57  4:41  Overlord  
  54  4:49  Drone  
  54  4:50  Overlord, Drone x2  
  56  4:54  Drone x4  
  60  5:01  Roach x3  
  60  5:04  Roach  
  61  5:14  Roach x3  
  61  5:15  Roach  
  61  5:18  Roach  
  61  5:20  Roach  
  73  5:23  Roach  
  73  5:25  Roach  
  77  5:31  Baneling  
  77  5:32  Baneling x2  
  77  5:33  Baneling, Zergling x2  
  77  5:34  Zergling x6  
  81  5:38  Baneling x2, Zergling x4  
  81  5:41  Zergling x2  
  84  5:43  Zergling x4  
  84  5:45  Drone  
  84  5:47  Drone  
  84  5:48  Drone  
  89  5:50  Drone  
  90  5:58  Overlord  
  90  5:59  Overlord  
Show
View Real Time Build Order
Export as new Build Order

GogojOey Zerg 

Build Orders: Hatch First 

Get SALT Encoding   

  12  0:00  Drone  
  13  0:13  Overlord  
  13  0:18  Drone  
  14  0:31  Drone x2  
  16  0:35  Drone  
  17  0:53  Hatchery  
  17  0:56  Drone  
  17  0:59  Drone  
  18  1:10  Extractor  
  17  1:14  Spawning Pool  
  17  1:18  Drone  
  17  1:21  Drone  
  18  1:29  Drone  
  19  1:39  Overlord  
  19  1:50  Drone  
  20  2:01  Queen, Drone  
  21  2:04  Queen  
  21  2:05  Drone  
  26  2:10  Metabolic Boost  
  26  2:13  Drone  
  27  2:16  Drone  
  27  2:22  Drone  
  29  2:28  Drone  
  30  2:33  Zergling x2  
  31  2:42  Hatchery  
  31  2:43  Drone  
  31  2:47  Overlord  
  31  2:51  Drone  
  31  2:55  Drone  
  33  3:02  Drone  
  34  3:09  Zergling x4, Baneling Nest  
  35  3:16  Zergling x8  
  35  3:19  Zergling x4  
  42  3:20  Zergling x2  
  42  3:25  Overlord  
  42  3:38  Overlord  
  42  3:40  Drone  
  43  3:41  Overlord  
  43  3:47  Evolution Chamber  
  42  3:48  Drone x2  
  42  3:49  Drone x3  
  42  3:50  Drone  
  48  3:58  Drone  
  48  4:01  Drone x2  
  48  4:11  Drone  
  48  4:12  Drone x2  
  48  4:13  Queen, Zerg Melee Weapons Level 1  
  51  4:20  Lair  
  51  4:21  Zergling x2  
  51  4:24  Baneling x3  
  52  4:25  Zergling x2  
  52  4:28  Zergling x4  
  55  4:31  Extractor  
  55  4:32  Extractor  
  55  4:34  Queen  
  53  4:39  Zergling x6  
  53  4:48  Zergling x10  
  53  4:50  Baneling x2  
  56  4:56  Overlord  
  56  5:00  Drone x2  
  57  5:09  Baneling x3  
  46  5:17  Drone  
  46  5:18  Drone x7  
  54  5:21  Extractor  
  54  5:25  Drone x3  
  54  5:26  Drone  
  57  5:30  Drone  
  58  5:36  Baneling x3  
  58  5:38  Zergling x2  
  58  5:39  Zergling x2  
  58  5:41  Spine Crawler  
  59  5:47  Zergling x8  
  63  5:51  Baneling  
  63  5:52  Baneling x3  
  63  5:55  Zergling x4  
  65  5:59  Zergling x6  
  65  6:03  Spine Crawler  
Tags
 
Add a new tag
Caveats
  • Supply blocks, unpowered buildings, or Contaminate may cause inaccurate times.
  • Supply counts are checked every 10 seconds.